 Dungeon Crawl Stone Soup version 0.18.1-50-g88ac8fd (webtiles) character file.

80 nikopol the Skirmisher (level 4, -7/41 HPs)
             Began as a Minotaur Berserker on Sept 24, 2016.
             Was a Believer of Trog.
             Killed by nerve-wracking pain
             ... invoked by Grinder
              (14 damage)
             ... on level 3 of the Dungeon.
             The game lasted 00:03:59 (1863 turns).

nikopol the Skirmisher (Minotaur Berserker)         Turns: 1863, Time: 00:03:59

Health: -7/41      AC:  8    Str: 21    XL:     4   Next: 18%
Magic:  3/3        EV: 11    Int:  4    God:    Trog [**....]
Gold:   130        SH:  0    Dex: 11    Spells: 0 memorised, 3 levels left

rFire  . . .     SeeInvis .     a - +0 hand axe
rCold  . . .     Gourm    .     g - +0 scale mail
rNeg   . . .     Faith    .     (no shield)
rPois  .         Spirit   .     (helmet restricted)
rElec  .         Dismiss  .     h - +0 cloak
rCorr  .         Reflect  .     (no gloves)
SustAt .         Harm     .     (no boots)
MR     .....                    (no amulet)
Stlth  ..........               (no ring)
                                (no ring)

@: not resistant to hostile enchantments, extremely unstealthy
A: retaliatory headbutt, horns 2
a: Berserk, Trog's Hand, Burn Spellbooks, Renounce Religion


You were on level 3 of the Dungeon.
You worshipped Trog.
Trog was pleased with you.
You were very hungry.

You visited 1 branch of the dungeon, and saw 3 of its levels.

You collected 130 gold pieces.

Inventory:

Hand Weapons
 a - a +0 hand axe (weapon)
 k - a +3 hand axe
Armour
 b - a +0 animal skin
 g - a +0 scale mail (worn)
 h - a +0 cloak (worn)
Scrolls
 d - 2 scrolls of magic mapping {unknown}
 e - a scroll of identify {unknown}
 j - 2 scrolls of amnesia {unknown}
 l - a scroll of remove curse {unknown}
 m - a scroll of fear {unknown}
 n - a scroll of enchant weapon {unknown}
 o - a scroll of enchant armour {unknown}
 p - 2 scrolls of recharging {unknown}
 t - a scroll of blinking {unknown}
Potions
 i - 3 potions of degeneration {unknown}
 q - a potion of brilliance {unknown}
 r - a potion of heal wounds {unknown}
 u - a potion of mutation {unknown}
 v - a potion of curing {unknown}
Comestibles
 c - 3 bread rations
 f - a slice of pizza
 s - a beef jerky
 w - 3 fruits
 x - a meat ration


   Skills:
 + Level 4.4 Fighting
 + Level 4.2 Axes
 + Level 3.4 Armour
 + Level 3.1 Dodging


You had 3 spell levels left.
You didn't know any spells.

Dungeon Overview and Level Annotations

Branches:
Dungeon (3/15)

Altars:

Annotations:
D:3 Grinder


Innate Abilities, Weirdness & Mutations

You reflexively headbutt those who attack you in melee.
You have a pair of horns on your head.


Message History

You slash Grinder!
Grinder is moderately wounded.
Grinder gestures at you.
You suddenly lose the ability to move!
Grinder hits you.
You writhe in agony.
Grinder gestures at you.
You shrug off the repeated paralysis!
Grinder says, "You look like you could use a good racking."
Grinder hits you but does no damage. Grinder hits you.
You writhe in agony.
Grinder gestures at you. Pain shoots through your body!
* * * LOW HITPOINT WARNING * * *
You can move again.
You are too injured to fight recklessly!
You hit Grinder but do no damage.
Grinder is moderately wounded.
Grinder gestures at you. Pain shoots through your body!
You die...

#..# #.####....# #.. #..
#.# #....# #.. #..###.#
#....# ... .. .....#
#....#####.#.. ##..#...#
#.......... ..
........####.....#####.##
##....5..(....()....
#.####..(..#####.##
#.@5.'.....### #
#...##.....#.#
......##.###.....
....#...##.# #...##
.....#...#<5# ##..# ....
#.#.#..# #..#
#.####...#..# #..######
.. .....#..####........
.............#######


You could see Grinder.

Vanquished Creatures
  Terence (D:2)
  2 worms (D:2)
  A dart slug (D:1)
  A giant gecko (D:1)
  3 bats
  4 giant cockroaches
  5 goblins
  7 hobgoblins
  3 jackals (D:2)
  6 kobolds
  A giant newt (D:1)
  10 rats
44 creatures vanquished.

Notes
Turn   | Place    | Note
--------------------------------------------------------------
     0 | D:1      | nikopol the Minotaur Berserker began the quest for the Orb.
     0 | D:1      | Reached XP level 1. HP: 19/19 MP: 0/0
   118 | D:1      | Reached XP level 2. HP: 21/27 MP: 1/1
   409 | D:1      | Reached ** piety under Trog
   642 | D:1      | Reached XP level 3. HP: 29/33 MP: 2/2
   989 | D:2      | Noticed Terence
   998 | D:2      | Killed Terence
   998 | D:2      | Reached XP level 4. HP: 41/41 MP: 3/3
  1556 | D:3      | Noticed Grinder
  1557 | D:3      | Paralysed by Grinder for 5 turns
  1573 | D:3      | Paralysed by Grinder for 7 turns
  1582 | D:3      | Paralysed by Grinder for 3 turns
  1590 | D:3      | Paralysed by Grinder for 3 turns
  1852 | D:3      | Paralysed by Grinder for 2 turns
  1857 | D:3      | Paralysed by Grinder for 6 turns
  1863 | D:3      | Killed from afar by Grinder

Skill      XL: |  1  2  3  4 |
---------------+-------------+-----
Fighting       | 4 |  4.4
Armour         | 3 |  3.4
Axes           | 4 |  4.2
Dodging        | 3 |  3.1

Action                   |  1- 3 |  4- 6 || total
-------------------------+-------+-------++-------
Melee: Hand axe          |    74 |    29 ||   103
       Headbutt          |     8 |     4 ||    12
Invok: Berserk           |     1 |       ||     1
  Eat: Chunk             |       |     3 ||     3
Armor: Scale mail        |    30 |     8 ||    38
Dodge: Dodged            |    49 |    15 ||    64
